 Dungeon Crawl Stone Soup version 0.23.2-30-g0e89c35649 (webtiles) character file.

Game seed: 10370085726009768706

491 CheeseeCupcake the Vandal (level 7, 0/42 HPs)
             Began as a Kobold Hunter on June 8, 2019.
             Slain by an orc warrior
             ... wielding a +0 battleaxe
              (16 damage)
             ... on level 5 of the Dungeon.
             The game lasted 00:14:50 (4500 turns).

CheeseeCupcake the Vandal (Kobold Hunter)           Turns: 4500, Time: 00:14:50

Health: 0/42       AC:  4    Str: 10    XL:     7   Next: 37%
Magic:  7/7        EV: 16    Int: 12    God:
Gold:   275        SH:  4    Dex: 17    Spells: 6/6 levels left

rFire    + . .     SeeInvis .   a - +2 hunting sling
rCold    x . .     Gourm    .   q - +0 buckler
rNeg     . . .     Faith    .   c - +0 leather armour
rPois    .         Spirit   .   (no helmet)
rElec    .         Reflect  .   (no cloak)
rCorr    .         Harm     .   (no gloves)
MR       .....                  k - +0 pair of boots
Stlth    ++........             v - amulet of magic regeneration
HPRegen  0.14/turn              t - ring of fire
MPRegen  0.35/turn              (no ring)

@: no status effects
A: small, carnivore
a: no special abilities


You were on level 5 of the Dungeon.
You were full.

You visited 1 branch of the dungeon, and saw 5 of its levels.

You collected 275 gold pieces.

Inventory:

Hand Weapons
 a - a +2 hunting sling (weapon)
 b - a +0 short sword
Missiles
 g - 34 stones (quivered)
Armour
 c - a +0 leather armour (worn)
 k - a +0 pair of boots (worn)
 q - a +0 buckler (worn)
Jewellery
 t - a ring of fire (left hand)
 v - an amulet of magic regeneration (around neck)
Wands
 j - a wand of flame (12)
Scrolls
 h - 4 scrolls of identify
 i - 3 scrolls of remove curse
 l - 2 scrolls of magic mapping {unknown}
 o - a scroll of enchant weapon
 r - 3 scrolls of teleportation
Potions
 d - a potion of lignification
 e - a potion of mutation {unknown}
 m - a potion of degeneration {unknown}
 n - 2 potions of curing {unknown}
Comestibles
 f - 7 rations


   Skills:
 + Level 3.9 Fighting
 + Level 7.0 Slings
 * Level 4.4 Dodging
 - Level 1.3 Stealth


You had 6 spell levels left.
You didn't know any spells.
Your spell library contained the following spells:

 Spells                   Type           Power        Failure   Level  Hunger
 Animate Skeleton         Necr           N/A          58%         1    ##.....
 Apportation              Tloc           #.....       58%         1    ##.....
 Confusing Touch          Hex            #.....       58%         1    ##.....
 Summon Small Mammal      Summ           #...         58%         1    ##.....


Dungeon Overview and Level Annotations

Branches:
Dungeon (5/15)
 Temple: D:4-7

Altars:
Dithmenos
Vehumet

Shops:
D:4 =


Innate Abilities, Weirdness & Mutations

You are small and have problems with some larger weapons.
You are carnivorous and can eat meat at any time.


Message History

Press: ? - help, Shift-Dir - straight line, f/p - orc warrior
Aim: an orc warrior, wielding a +0 battleaxe and wearing a +0 plate armour (heavily wounded)
You shoot a stone. The stone hits the orc warrior.
The orc warrior is heavily wounded.
The giant cockroach barely misses you. You block the giant cockroach's attack.
Firing (i - inventory)
g - 36 stones (quivered)
Press: ? - help, Shift-Dir - straight line, f - giant cockroach, p - orc warrior
Aim: a giant cockroach (clinging)
You shoot a stone.
The stone closely misses the giant cockroach.
The orc warrior barely misses you. The giant cockroach misses you.
Firing (i - inventory)
g - 35 stones (quivered)
Press: ? - help, Shift-Dir - straight line, f/p - giant cockroach
Aim: a giant cockroach (clinging)
You shoot a stone. The stone hits the giant cockroach!
You kill the giant cockroach!
You block the orc warrior's attack.
You see here 2 stones.
The orc warrior hits you with a +0 battleaxe!
You die...

#.. #. #.# #.#. #.# ##.
#.# ... ... #... #.. ..#
#.# # #... #.# #.# #.#
#.#...#### #.# #<# #.#
.........#####.####.###.#
.........@o..o...#...##.##
.......<.#####............
###...#### ###.#...#.###
#.. #.#####.# #. #.# #.# #
##. .## . # ##


You could see an orc warrior and an orc.

Vanquished Creatures
  A scorpion (D:4)
  2 howler monkeys (D:4)
  A crimson imp (D:5)
  A hound (D:3)
  Natasha (D:2)
  An iguana (D:4)
  An orc wizard (D:3)
  4 worker ants (D:4)
  5 adders (D:3)
  A worm (D:2)
  3 dart slugs (D:1)
  3 leopard geckos
  8 orcs
  2 ball pythons
  4 giant cockroaches
  4 goblins
  7 hobgoblins
  6 jackals
  10 kobolds
  2 quokkas (D:3)
  5 bats
  3 frilled lizards
  A jackal skeleton (D:4)
  A quokka skeleton (D:4)
  5 rats
82 creatures vanquished.

Vanquished Creatures (others)
  A frilled lizard (D:1)
1 creature vanquished.

Grand Total: 83 creatures vanquished

Notes
Turn   | Place    | Note
-------+----------+-------------------------------------------
     0 | D:1      | CheeseeCupcake the Kobold Hunter began the quest for the
                  | Orb.
     0 | D:1      | Reached XP level 1. HP: 12/12 MP: 1/1
    34 | D:1      | Reached XP level 2. HP: 18/18 MP: 2/2
   405 | D:1      | Reached XP level 3. HP: 22/22 MP: 3/3
   713 | D:1      | You fall through a shaft!
   838 | D:2      | Found a faded altar of an unknown god.
   987 | D:2      | Noticed Natasha
   993 | D:2      | Killed Natasha
   993 | D:2      | Reached skill level 5 in Slings
   993 | D:2      | Reached XP level 4. HP: 23/27 MP: 4/4
  1190 | D:2      | You fall through a shaft for 2 floors!
  1989 | D:3      | Reached XP level 5. HP: 26/32 MP: 5/5
  3170 | D:3      | Reached XP level 6. HP: 37/37 MP: 6/6
  3182 | D:3      | Reached skill level 6 in Slings
  3694 | D:5      | Entered Level 5 of the Dungeon
  3781 | D:4      | Found a radiant altar of Vehumet.
  3787 | D:4      | Reached XP level 7. HP: 42/42 MP: 7/7
  3874 | D:4      | Found a shadowy altar of Dithmenos.
  4292 | D:4      | Found Veckij's Jewellery Emporium.
  4412 | D:5      | Reached skill level 7 in Slings
  4500 | D:5      | Slain by an orc warrior

Skill      XL: |  1  2  3  4  5  6  7 |
---------------+----------------------+-----
Slings         | 5 6 7 |  7.0
Dodging        | 3 4 |  4.4
Fighting       | 3 |  3.9
Stealth        | |  1.3

Action                   |  1- 3 |  4- 6 |  7- 9 || total
-------------------------+-------+-------+-------++-------
 Fire: Hunting sling     |    77 |   194 |    53 ||   324
  Use: Scroll            |       |     8 |       ||     8
  Eat: Chunk             |     3 |     9 |     4 ||    16
Armor: Leather armour    |     3 |    10 |     5 ||    18
Dodge: Dodged            |     9 |    67 |    15 ||    91
Block: Buckler           |       |    11 |     6 ||    17
